 Dungeon Crawl Stone Soup version 0.25.1-9-gc5326a611f (webtiles) character file.

Game seed: 2143197226202172379

17035 pokeman the Eclecticist (level 12, -3/68 HPs)
             Began as a Deep Elf Wizard on Dec 29, 2020.
             Was an Elder of Vehumet.
             Slain by a spiny frog (18 damage)
             ... on level 3 of the Lair of Beasts.
             The game lasted 00:46:14 (20347 turns).

pokeman the Eclecticist (Deep Elf Wizard)          Turns: 20347, Time: 00:46:15

Health: -3/68      AC: 11    Str:  1    XL:     12   Next: 15%
Magic:  26/33      EV: 11    Int: 29    God:    Vehumet [****..]
Gold:   808        SH:  0    Dex: 19    Spells: 30/42 levels left

rFire    + . .     SeeInvis .   j - +0 hand axe (venom)
rCold    . . .     Gourm    .   (no shield)
rNeg     + + .     Faith    +   x - +1 leather armour of Grot {-Tele rElec Dex+6}
rPois    +         Spirit   .   n - +1 helmet
rElec    +         Reflect  .   o - +0 cloak
rCorr    .         Harm     .   O - +2 pair of gloves
MR       +....     NoTele   +   (no boots)
Stlth    ++........             p - amulet of faith
HPRegen  0.21/turn              k - ring of protection from fire
MPRegen  0.23/turn              X - ring "Juroitt" {*Tele rElec rPois rN++ Str-3}

@: no status effects
A: no striking features
a: Renounce Religion


You were on level 3 of the Lair of Beasts.
You worshipped Vehumet.
Vehumet was greatly pleased with you.
You were not hungry.

You visited 3 branches of the dungeon, and saw 16 of its levels.

You collected 808 gold pieces.

Inventory:

Hand Weapons
 j - a +0 hand axe of venom (weapon)
 J - a +0 hand crossbow
Missiles
 D - 103 bolts
Armour
 h - a +2 leather armour of fire resistance
 n - a +1 helmet (worn)
 o - a +0 cloak (worn)
 x - the +1 leather armour of Grot (worn) {-Tele rElec Dex+6}
   (You found it on level 4 of the Dungeon)

   It affects your dexterity (+6).
   It insulates you from electricity.
   It prevents most forms of teleportation.
 O - a +2 pair of gloves (worn)
Jewellery
 k - a ring of protection from fire (left hand)
 l - an uncursed ring of wizardry
 p - an amulet of faith (around neck)
 C - an uncursed ring of flight
 X - the ring "Juroitt" (right hand) {*Tele rElec rPois rN++ Str-3}
   (You found it on level 10 of the Dungeon)

   [ring of teleportation]

   It may teleport you next to monsters.
   It affects your strength (-3).
   It insulates you from electricity.
   It protects you from poison.
   It greatly protects you from negative energy.
Wands
 e - a wand of iceblast (19)
 f - a wand of paralysis (5)
 t - a wand of flame (13)
 w - a wand of enslavement (6)
 T - a wand of acid (18)
 Y - a wand of digging (4)
Scrolls
 a - 14 scrolls of remove curse
 g - a scroll of holy word
 i - 2 scrolls of fear {unknown}
 r - a scroll of enchant weapon {unknown}
 s - a scroll of identify
 v - 3 scrolls of noise {unknown}
 y - a scroll of immolation {unknown}
 z - a scroll of fog {unknown}
 A - 5 scrolls of teleportation {unknown}
 B - 6 scrolls of magic mapping {unknown}
 E - 2 scrolls of blinking
 F - a scroll of enchant armour
 K - 2 scrolls of amnesia
Potions
 b - a potion of invisibility
 c - 5 potions of curing
 m - 2 potions of cancellation
 q - 7 potions of heal wounds
 u - a potion of haste
Comestibles
 d - 24 rations
 G - 3 chunks of flesh


   Skills:
 - Level 5.0 Fighting
 + Level 5.0 Armour
 - Level 3.0 Dodging
 - Level 3.0 Stealth
 * Level 15.8 Spellcasting
 + Level 9.8 Conjurations
 - Level 1.1 Summonings
 - Level 1.1 Translocations
 + Level 10.0 Fire Magic
 - Level 1.0 Air Magic
 - Level 1.0 Poison Magic
 - Level 1.0 Evocations


You had 30 spell levels left.
You knew the following spells:

 Your Spells              Type           Power        Failure   Level  Hunger
a - Magic Dart            Conj           ####         1%          1    None
b - Mephitic Cloud        Conj/Pois/Air  #####...     1%          3    None
c - Call Imp              Summ           ####....     4%          2    None
d - Blink                 Tloc           N/A          4%          2    None
e - Conjure Flame         Conj/Fire      ######..     1%          3    None
f - Foxfire               Conj/Fire      ####         1%          1    None

Your spell library contained the following spells:

 Spells                   Type           Power        Failure   Level  Hunger
 Static Discharge         Conj/Air       ######..     1%          3    None
 Freeze                   Ice            ###.         1%          1    None
 Dazzling Flash           Conj/Hex       ######       1%          3    None
 Inner Flame              Hex/Fire       ######..     1%          3    None
 Hailstorm                Conj/Ice       ######..     1%          4    None
 Summon Small Mammal      Summ           ####         3%          1    None
 Corona                   Hex            ###....      4%          1    None
 Frozen Ramparts          Ice            ###...       4%          3    None
 Ensorcelled Hibernation  Hex/Ice        ###...       8%          2    None
 Slow                     Hex            ###.....     8%          2    None
 Call Canine Familiar     Summ           ####....     10%         3    None
 Portal Projectile        Hex/Tloc       ####..       12%         3    None
 Summon Guardian Golem    Hex/Summ       ####....     12%         3    None
 Confusing Touch          Hex            ###.....     16%         3    None
 Ozocubu's Armour         Chrm/Ice       ###.....     16%         3    None
 Tukima's Dance           Hex            ###.....     16%         3    None
 Summon Lightning Spire   Summ/Air       ####....     32%         4    None
 Summon Ice Beast         Ice/Summ       ####....     36%         4    None
 Cause Fear               Hex            ###.......   45%         4    None
 Leda's Liquefaction      Hex/Erth       ###.......   45%         4    None


Dungeon Overview and Level Annotations

Branches:
Dungeon (12/15)            Temple (1/1) D:6            Lair (3/6) D:9
    Orc (0/2) D:9
  Swamp: Lair:2-4    Shoals: Lair:2-4     Snake: Lair:2-4    Spider: Lair:2-4

Altars:
Ashenzari
Cheibriados
Dithmenos
Elyvilon
Fedhas
Gozag
Kikubaaqudgha
Makhleb
Nemelex Xobeh
Okawaru
Qazlal
Sif Muna
Uskayaw
Vehumet
Wu Jian
Yredelemnul
Zin

Shops:
D:9 [=

Annotations:
D:8 Loot behind rock
D:12 Maurice, Snorg
Lair:2 exclusion: oklob plant
Lair:3 exclusion: hydra, Gastronok


Message History

Your white imp dies!
Unknown command.
Your crimson imp blinks!
The fire ignites!
You hit the spiny frog but do no damage.
The spiny frog is poisoned.
The spiny frog is engulfed in blazing flames.
The spiny frog stings you!
The spiny frog is engulfed in blazing flames.
The spiny frog stings you!
* * * LOW HITPOINT WARNING * * *
Unknown command.
You swap places.
Your crimson imp hits the spiny frog but does no damage.
The spiny frog is engulfed in blazing flames.
The spiny frog stings your crimson imp!
Your crimson imp dies!
The spiny frog is engulfed in blazing flames.
The spiny frog stings you!!
You die...

#####...## ###.### ### #.
####...### ###.# ..###
##.##..##.###.#.. +..#P##
##......^...# #...
.......##...........###...
...<...#.............#....
.....5.#.##..............#
.......+F@............#P.#
.......5###..........##..#
.......## #..............#
.#P...# #...#P##.#..#...
##### #########.###... ##
#.... #.... ##... .##.


You could see a spiny frog (very poisoned) and a friendly crimson imp
(summoned).

Vanquished Creatures
  3 death yaks (D:9)
  Erica (D:8)
  Nergalle (D:11)
  Urug (Lair:3)
  Joseph (D:7)
  2 spiny frogs
  Psyche (D:11)
  2 komodo dragons (Lair:2)
  A rime drake (Lair:1)
  Grinder (D:6)
  Prince Ribbit (D:8)
  4 hippogriffs
  A blink frog (Lair:3)
  A spriggan (D:7)
  A wyvern (D:11)
  Eustachio (D:4)
  26 yaks
  A hungry ghost (D:10)
  A basilisk (D:11)
  Menkaure (D:7)
  A water moccasin (Lair:3)
  A porcupine (Lair:1)
  2 orc warriors
  2 ice beasts (D:11)
  3 black bears
  A sky beast (D:11)
  5 ogres
  2 phantoms
  7 centaurs
  4 crocodiles
  6 bullfrogs
  A big kobold (D:9)
  A gnoll sergeant (D:7)
  5 jellies
  4 scorpions
  9 killer bees
  2 crimson imps
  2 bullfrog zombies
  3 centaur skeletons
  Crazy Yiuf (D:2)
  11 orc priests
  6 hounds
  9 orc wizards
  3 iguanas
  Natasha (thrice) (D:3)
  7 worker ants
  2 hound skeletons
  A howler monkey zombie (D:6)
  14 gnolls
  14 adders
  A shadow imp (D:2)
  3 oozes
  An adder zombie (D:5)
  A worm (D:3)
  2 dart slugs
  8 leopard geckos
  40 orcs
  3 giant cockroaches
  5 goblins
  10 hobgoblins
  10 jackals
  7 quokkas
  4 ball pythons
  11 bats
  3 frilled lizards
  15 kobolds
  A quokka skeleton (D:4)
  5 rats (D:2)
314 creatures vanquished.

Vanquished Creatures (collateral kills)
  A black mamba (Lair:2)
  A quokka (D:8)
2 creatures vanquished.

Vanquished Creatures (others)
  484 foxfires
  A fungus (Lair:3)
485 creatures vanquished.

Grand Total: 801 creatures vanquished

Notes
Turn   | Place    | Note
-------+----------+-------------------------------------------
     0 | D:1      | pokeman the Deep Elf Wizard began the quest for the Orb.
     0 | D:1      | Reached XP level 1. HP: 10/10 MP: 7/7
   272 | D:1      | Reached XP level 2. HP: 16/16 MP: 6/9
  1070 | D:2      | Reached skill level 5 in Spellcasting
  1260 | D:2      | Reached XP level 3. HP: 18/20 MP: 5/11
  1265 | D:2      | Learned a level 3 spell: Mephitic Cloud
  1268 | D:2      | Learned a level 2 spell: Call Imp
  1271 | D:2      | Learned a level 2 spell: Blink
  1275 | D:2      | Learned a level 3 spell: Conjure Flame
  1434 | D:2      | Reached skill level 1 in Fighting
  1474 | D:2      | Reached skill level 1 in Armour
  1494 | D:2      | Reached XP level 4. HP: 9/25 MP: 2/13
  1802 | D:2      | Found a runed translucent door.
  1803 | D:2      | Noticed Crazy Yiuf
  1815 | D:2      | Killed Crazy Yiuf
  1952 | D:2      | Reached skill level 1 in Fire Magic
  2500 | D:2      | Reached skill level 6 in Spellcasting
  2500 | D:2      | Reached XP level 5. HP: 9/29 MP: 4/15
  2899 | D:3      | Reached skill level 1 in Air Magic
  3165 | D:3      | Found a shadowy altar of Dithmenos.
  3366 | D:3      | Reached skill level 1 in Evocations
  3366 | D:3      | Reached XP level 6. HP: 19/34 MP: 5/17
  3824 | D:3      | Reached skill level 1 in Poison Magic
  3979 | D:3      | Noticed Natasha
  3984 | D:3      | Killed Natasha
  3984 | D:3      | Reached skill level 7 in Spellcasting
  4062 | D:3      | Noticed Natasha
  4070 | D:3      | Killed Natasha
  4157 | D:3      | Noticed Natasha
  4176 | D:3      | Killed Natasha
  4492 | D:3      | Reached XP level 7. HP: 18/38 MP: 3/20
  4760 | D:4      | Got a polished leather armour
  4786 | D:4      | Identified the cursed +1 leather armour of Grot {-Tele
                  | rElec Dex+6} (You found it on level 4 of the Dungeon)
  5164 | D:4      | Found a blossoming altar of Fedhas.
  5205 | D:4      | Noticed Eustachio
  5209 | D:4      | Reached skill level 8 in Spellcasting
  5800 | D:4      | Killed Eustachio
  6460 | D:5      | Entered Level 5 of the Dungeon
  6482 | D:5      | Reached XP level 8. HP: 44/44 MP: 19/22
  6593 | D:5      | Found an ancient bone altar of Kikubaaqudgha.
  6664 | D:5      | Reached skill level 9 in Spellcasting
  7749 | D:6      | Reached skill level 5 in Conjurations
  7973 | D:6      | Found a staircase to the Ecumenical Temple.
  7982 | Temple   | Entered the Ecumenical Temple
  8016 | Temple   | Became a worshipper of Vehumet
  8073 | D:6      | Noticed Grinder
  8093 | D:6      | Killed Grinder
  8093 | D:6      | Reached skill level 5 in Fire Magic
  8429 | D:6      | Reached skill level 10 in Spellcasting
  8624 | D:6      | Found an iron altar of Okawaru.
  8804 | D:6      | Reached XP level 9. HP: 22/48 MP: 19/25
  9598 | D:7      | Noticed Joseph
  9691 | D:7      | Reached skill level 11 in Spellcasting
  9840 | D:7      | Reached * piety under Vehumet
  9840 | D:7      | Offered knowledge of Sandblast by Vehumet.
 10156 | D:7      | Killed Joseph
 10472 | D:7      | Noticed Menkaure
 10485 | D:7      | Killed Menkaure
 11227 | D:7      | Reached skill level 12 in Spellcasting
 11232 | D:7      | Reached XP level 10. HP: 44/53 MP: 13/28
 11879 | D:8      | Noticed Erica
 11906 | D:8      | Killed Erica
 12337 | D:8      | Noticed Prince Ribbit
 12349 | D:8      | Killed Prince Ribbit
 12349 | D:8      | Offered knowledge of Foxfire by Vehumet.
 12352 | D:8      | Learned a level 1 spell: Foxfire
 12691 | D:9      | Found a glowing silver altar of Zin.
 12719 | D:9      | Reached ** piety under Vehumet
 12735 | D:9      | Found a white marble altar of Elyvilon.
 12815 | D:9      | Found a staircase to the Orcish Mines.
 12848 | D:9      | Noticed a death yak
 12881 | D:9      | Killed a death yak
 13044 | D:9      | Reached skill level 13 in Spellcasting
 13197 | D:9      | Noticed a death yak
 13200 | D:9      | Noticed a death yak
 13226 | D:9      | Killed a death yak
 13229 | D:9      | Killed a death yak
 13241 | D:9      | Reached XP level 11. HP: 39/60 MP: 13/30
 13362 | D:9      | Found a staircase to the Lair.
 13398 | D:9      | Found Kuom's Antique Armour Emporium.
 13607 | D:9      | Found Sairaek's Jewellery Shop.
 13815 | D:10     | Entered Level 10 of the Dungeon
 13844 | D:10     | Offered knowledge of Ignite Poison by Vehumet.
 14225 | D:10     | Reached skill level 14 in Spellcasting
 14473 | D:10     | Got a transparent wooden ring
 14475 | D:10     | Identified the ring "Juroitt" {*Tele rElec rPois rN++
                  | Str-3} (You found it on level 10 of the Dungeon)
 14689 | D:11     | Reached *** piety under Vehumet
 15015 | D:11     | Noticed Nergalle
 15043 | D:11     | Killed Nergalle
 15189 | D:11     | Noticed Psyche
 15195 | D:11     | Killed Psyche
 15437 | D:11     | Offered knowledge of Fulminant Prism by Vehumet.
 16842 | D:12     | Noticed a skeletal warrior
 16890 | D:12     | Noticed Snorg
 16941 | D:12     | Noticed Maurice
 17007 | Lair:1   | Entered Level 1 of the Lair of Beasts
 17210 | Lair:1   | Reached **** piety under Vehumet
 17210 | Lair:1   | Reached skill level 5 in Fighting
 17554 | Lair:1   | Reached skill level 15 in Spellcasting
 18919 | Lair:2   | Noticed an oklob plant
 18940 | Lair:2   | Offered knowledge of Static Discharge by Vehumet.
 19611 | Lair:3   | Reached XP level 12. HP: 68/68 MP: 25/33
 19727 | Lair:3   | Noticed Urug
 19782 | Lair:3   | Killed Urug
 19912 | Lair:3   | Noticed Gastronok
 19912 | Lair:3   | Noticed a seven-headed hydra
 19962 | Lair:3   | Reached skill level 10 in Fire Magic
 20041 | Lair:3   | Reached skill level 5 in Armour
 20347 | Lair:3   | Slain by a spiny frog

Illustrated notes

Levels and vault maps discovered:
D:1:      eino_arrival_druids_welcome, layout_basic
D:2:      layout_loops_ring, uniq_crazy_yiuf_cottage
D:3:      layout_rooms, old_standard_altar, uniq_natasha
D:4:      layout_basic, fedhas_ov_isle_minmay, first_ration, uniq_eustachio
D:5:      layout_gridville, kiku_gazebo_pond_becter
D:6:      layout_loops_corners, temple_green, okawaru_ov_weapons_minmay,
          uniq_grinder
D:7:      layout_gridville, the_bakery, amethyst_killhole, uniq_menkaure,
          uniq_joseph
D:8:      layout_loops_ring, due_unseen_surprise, uniq_erica,
          uniq_prince_ribbit1
D:9:      layout_basic, zin_statuary, dpeg_lair_monsters, orc_0_dummy,
          basic_altar, serial_shops, kennysheep_mini, shop, shop_statue
D:10:     layout_rooms
D:11:     layout_loops_corners, uniq_nergalle, uniq_psyche
D:12:     layout_basic, serial_shops, nicolae_shop_trees, uniq_snorg,
          uniq_maurice
Temple:   hc_temple_tempest_star
Lair:1:   layout_chaotic_city, st_stairs_3, serial_bayou_pond_b,
          serial_bayou_lagoon_a, infiniplex_staircase_pool_2
Lair:2:   layout_regular_city, st_stairs_4, minmay_lair_oklob_bushes,
          grunt_megastairs_1, serial_bayou_shore_b
Lair:3:   layout_roguey, minivault_24, uniq_gastronok, uniq_urug

Skill      XL: |  1  2  3  4  5  6  7  8  9 10 11 12 |
---------------+-------------------------------------+-----
Spellcasting   | 5 6 7 8 10 12 13 15 | 15.8
Fighting       | 1 2 3 5 |  5.0
Conjurations   | 2 3 4 5 6 8 9 |  9.8
Armour         | 1 2 4 5 |  5.0
Fire Magic     | 1 2 3 5 7 8 9 10 | 10.0
Dodging        | 3 |  3.0
Stealth        | 3 |  3.0
Air Magic      | 1 |  1.0
Evocations     | 1 |  1.0
Poison Magic   | 1 |  1.0
Summonings     | |  1.1
Translocations | |  1.1

Action                   |  1- 3 |  4- 6 |  7- 9 | 10-12 || total
-------------------------+-------+-------+-------+-------++-------
Melee: Unarmed           |     5 |       |       |       ||     5
       Hand axe          |     7 |    43 |    70 |   115 ||   235
 Cast: Magic Dart        |    60 |   148 |   292 |    73 ||   573
       Mephitic Cloud    |     1 |     9 |    22 |    34 ||    66
       Conjure Flame     |       |     1 |    17 |    40 ||    58
       Call Imp          |       |     1 |     2 |    26 ||    29
       Foxfire           |       |       |       |   281 ||   281
Evoke: Wand              |       |       |       |     1 ||     1
  Use: Scroll            |       |       |       |    20 ||    20
 Stab: Confused          |       |     3 |    14 |    14 ||    31
  Eat: Chunk             |     1 |    10 |    20 |    28 ||    59
Armor: Robe              |     1 |       |       |       ||     1
       Leather armour    |     3 |    16 |    34 |    61 ||   114
Dodge: Dodged            |    13 |    69 |    78 |   109 ||   269
